 Dungeon Crawl Stone Soup version 0.31.0-32-g396128a36d (webtiles) character file.

Game seed: 11639760865726706238

69 601d51SH the Chopper (level 4, -4/40 HPs)
             Began as a Hill Orc Fighter on Apr 2, 2024.
             Succumbed to Sigmund's poison
             ... on level 2 of the Dungeon.
             The game lasted 00:02:32 (1253 turns).

601d51SH the Chopper (Hill Orc Fighter)             Turns: 1253, Time: 00:02:32

Health: -4/40      AC:  7    Str: 20    XL:     4   Next: 20%
Magic:  4/4        EV:  9    Int:  8    God:
Gold:   42         SH:  4    Dex: 10    Spells: 3/3 levels left

rFire   + . .        a - +0 war axe
rCold   . . .        c - +0 buckler
rNeg    . . .        b - +0 scale mail
rPois   .            (no helmet)
rElec   .            (no cloak)
rCorr   .            (no gloves)
SInv    .            (no boots)
Will    .....        (no amulet) Stlth
                     f - ring of protection from fire
HPRegen 0.26/turn    (no ring)
MPRegen 0.09/turn

%: no passive effects
@: lethally poisoned (-4 -> -22)
A: no striking features
a: no special abilities


You were on level 2 of the Dungeon.
You visited 1 branch of the dungeon, and saw 2 of its levels.

You collected 42 gold pieces.

Inventory:

Hand Weapons
 a - a +0 war axe (weapon)
 g - a +1 dagger of speed
Armour
 b - a +0 scale mail (worn)
 c - a +0 buckler (worn)
Jewellery
 f - a ring of protection from fire (left hand)
 m - an amulet of the acrobat
Talismans
 n - a maw talisman
Scrolls
 e - a scroll of fear {unknown}
 h - 2 scrolls of identify {unknown}
 i - 2 scrolls of immolation {unknown}
 j - a scroll of enchant weapon {unknown}
 l - a scroll of summoning {unknown}
 o - a scroll of vulnerability {unknown}
Potions
 d - 2 potions of might
 k - a potion of mutation {unknown}
 p - 2 potions of lignification {unknown}
 q - 2 potions of curing {unknown}


   Skills:
 + Level 4.0 Fighting
 + Level 4.2 Axes
 * Level 0.6 Throwing
 + Level 3.7 Armour
 + Level 0.5 Dodging
 + Level 3.5 Shields


You had 3 spell levels left.
You didn't know any spells.
Your spell library was empty.

Dungeon Overview and Level Annotations

Branches:
Dungeon (2/15)

Altars:

Shops:
D:1 !

Annotations:
D:2 Sigmund


Message History

A dart slug comes into view.
You block Sigmund's attack.
There is an open door here.
Sigmund attacks as he pursues you! Sigmund hits you but does no damage.
You are poisoned.
You feel sick.
You feel sick.
You feel sick.
You feel sick.
Sigmund gestures wildly while chanting.
Sigmund flickers and vanishes!
Deactivating autopickup; reactivate with Ctrl-A.
You feel sick.
You hit the endoplasm.
The endoplasm is almost dead.
You feel sick.
The endoplasm hits you but does no damage. x2
Something hits you but does no damage.
You are more poisoned.
You hit the endoplasm but do no damage.
The endoplasm is almost dead.
You feel sick. The endoplasm barely misses you.
You slash the endoplasm!
You kill the endoplasm!
You feel sick. Something hits you!
You are more poisoned.
You feel very sick. Something hits you.
* * * LOW HITPOINT WARNING * * *
You are more poisoned.
You hit something.
* * * LOW HITPOINT WARNING * * *
You feel very sick.
You hear some strange, mumbled words.
A magic dart appears from out of thin air!
The magic dart hits you.
* * * LOW HITPOINT WARNING * * *
Unknown command.
You barely miss something.
You die...

#........ #.$..... #.....w#
#......# #'# ##### #.# #...# #w#
## #...# #{#### ### #####.
#...####.@..###.#####....#
#.....#####.#.#...##..####
#.....#####.##.##.........
#........(#.###)#...####..
#...†.....#.# ##.##.......
########.........#.# ##.#...####
.......#...........######.##..# #
.###..........#....'.....#.######
.# #..........#....############.#


You could see a dart slug.

Vanquished Creatures
  An adder (D:2)
  2 dart slugs
  2 ribbon worms (D:2)
  4 endoplasms
  5 giant cockroaches
  3 hobgoblins (D:1)
  3 jackals (D:2)
  5 kobolds
  2 quokkas
  5 ball pythons
  A bat (D:2)
  A frilled lizard (D:1)
  9 goblins
  3 rats
46 creatures vanquished.

Notes
Turn   | Place    | Note
-------+----------+-------------------------------------------
     0 | D:1      | 601d51SH the Hill Orc Fighter began the quest for the Orb.
     0 | D:1      | Reached XP level 1. HP: 19/19 MP: 1/1
    65 | D:1      | Reached XP level 2. HP: 26/27 MP: 2/2
   228 | D:1      | Reached XP level 3. HP: 33/33 MP: 3/3
   369 | D:1      | Found Qatteotij's Distillery.
  1145 | D:2      | Reached XP level 4. HP: 38/40 MP: 4/4
  1239 | D:2      | Noticed Sigmund
  1252 | D:2      | HP: 1/40 [something/magic dart (4)]
  1253 | D:2      | Succumbed to Sigmund's poison

Illustrated notes

Levels and vault maps discovered:
D:1:      grunt_arrival_lava_bath, layout_rooms, serial_shops,
          nicolae_shop_real_fake_doors, hangedman_decor_push
D:2:      wad_crossroads, layout_basic, uniq_sigmund

Skill      XL: |  1  2  3 |
---------------+----------+-----
Axes           | 3 4 |  4.2
Fighting       | 4 |  4.0
Throwing       | |  0.6
Armour         | |  3.7
Dodging        | |  0.5
Shields        | |  3.5

Action                     |  1- 3 |  4- 6 || total
---------------------------+-------+-------++-------
  Melee: War axe           |   133 |     9 ||   142
 Armour: Scale mail        |    94 |     8 ||   102
  Dodge: Dodged            |    70 |     2 ||    72
  Block: Buckler           |    36 |     2 ||    38
